 Dungeon Crawl Stone Soup version 0.25-a0-110-ge29c8f2358 (webtiles) character file.

Game seed: 11686834777524301805, levelgen mode: deterministic

126 Enroth the Chopper (level 5, 0/47 HPs)
             Began as a Hill Orc Fighter on Nov 20, 2019.
             Slain by a crocodile (5 damage)
             ... on level 2 of the Dungeon.
             The game lasted 00:03:04 (1335 turns).

Enroth the Chopper (Hill Orc Fighter)               Turns: 1335, Time: 00:03:04

Health: 0/47       AC:  8    Str: 25    XL:     5   Next: 9%
Magic:  5/5        EV:  8    Int:  8    God:
Gold:   104        SH:  9    Dex: 10    Spells: 4/4 levels left

rFire    . . .     SeeInvis .   a - +0 war axe
rCold    . . .     Gourm    .   c - +0 shield
rNeg     . . .     Faith    .   b - +0 scale mail
rPois    .         Spirit   .   (no helmet)
rElec    .         Reflect  .   j - +0 cloak
rCorr    .         Harm     .   (no gloves)
MR       .....                  (no boots)
Stlth    ..........             (no amulet)
HPRegen  0.15/turn              (no ring)
MPRegen  0.09/turn              (no ring)

@: mighty, lightly drained
A: no striking features
a: no special abilities


You were on level 2 of the Dungeon.
You were not hungry.

You visited 1 branch of the dungeon, and saw 2 of its levels.

You collected 104 gold pieces.

Inventory:

Hand Weapons
 a - a +0 war axe (weapon)
Armour
 b - a +0 scale mail (worn)
 c - a +0 shield (worn)
 j - a +0 cloak (worn)
Scrolls
 e - 3 scrolls of identify {unknown}
 g - a scroll of random uselessness {unknown}
 h - 4 scrolls of remove curse {unknown}
 k - a scroll of fog {unknown}
 l - a scroll of immolation {unknown}
 o - a scroll of enchant armour {unknown}
Potions
 i - 2 potions of degeneration {unknown}
 m - a potion of curing {unknown}
 n - a potion of heal wounds {unknown}
 q - a potion of flight {unknown}
 r - a potion of haste {unknown}
Comestibles
 f - 3 rations
 p - a chunk of flesh


   Skills:
 + Level 4.3(4.0) Fighting
 * Level 4.7(4.4) Axes
 + Level 3.8(3.5) Armour
 + Level 1.1(0.8) Dodging
 + Level 3.7(3.4) Shields


You had 4 spell levels left.
You didn't know any spells.
Your spell library was empty.

Dungeon Overview and Level Annotations

Branches:
Dungeon (2/15)

Altars:
Xom


Message History

You kill the jackal!
A crocodile comes into view.
The jackal barely misses you. The jackal closely misses you.
You see here a jackal corpse.
You hit the jackal but do no damage.
The jackal bites you but does no damage.
You slash the jackal!
You kill the jackal!
You block the jackal's attack.
Your shield and scale mail prevent you from hitting the jackal.
The jackal bites you but does no damage.
The jackal bites you.
You slash the jackal!
You kill the jackal!
You feel very mighty all of a sudden. The crocodile bites you.
You completely miss the crocodile. The crocodile bites you! x2
* * * LOW HITPOINT WARNING * * *
You barely miss the crocodile. The crocodile bites you.
You die...

#......†.# #...##
######.#.# ##.. #
.# #.#.## ... #.
#.#..#.###..
#...........
##.###+###.##
#######.# #.# #..
#.......###.###t#
#.##.#(.###_..+@#
#.##.###.###.#
#.##.# #.# #.##
#.##.###'###..#
#.##..........#
#.###.####.##.#
#.##..####....#
#......<>..####
############


You could see a crocodile.

Vanquished Creatures
  A hound (D:2)
  4 adders (D:2)
  An ooze (D:2)
  A worm (D:2)
  5 dart slugs
  A leopard gecko (D:1)
  An orc (D:2)
  2 bats (D:1)
  5 giant cockroaches
  4 goblins (D:1)
  2 hobgoblins
  6 jackals
  4 kobolds (D:1)
  5 rats
42 creatures vanquished.

Notes
Turn   | Place    | Note
-------+----------+-------------------------------------------
     0 | D:1      | Enroth the Hill Orc Fighter began the quest for the Orb.
     0 | D:1      | Reached XP level 1. HP: 19/19 MP: 1/1
    86 | D:1      | Reached XP level 2. HP: 20/27 MP: 2/2
   381 | D:1      | Reached XP level 3. HP: 28/33 MP: 3/3
   808 | D:2      | Reached XP level 4. HP: 30/40 MP: 4/4
   927 | D:2      | Reached skill level 1 in Dodging
  1270 | D:2      | Reached XP level 5. HP: 33/46 MP: 5/5
  1297 | D:2      | Found a shimmering altar of Xom.
  1327 | D:2      | Noticed a crocodile
  1335 | D:2      | Slain by a crocodile

Levels and vault maps discovered:
D:1:      ebering_hopf_link, layout_loops_corners
D:2:      layout_loops_ring, lemuel_doored_altar,
          gammafunk_temple_overflow_elements

Skill      XL: |  1  2  3  4 |
---------------+-------------+-----
Axes           | 3 4 |  4.7
Fighting       | 4 |  4.3
Dodging        | 1 |  1.1
Armour         | |  3.8
Shields        | |  3.7

Action                   |  1- 3 |  4- 6 || total
-------------------------+-------+-------++-------
Melee: War axe           |    59 |    87 ||   146
  Use: Potion            |       |     1 ||     1
  Eat: Chunk             |       |     2 ||     2
Armor: Scale mail        |    29 |    30 ||    59
Dodge: Dodged            |    24 |    29 ||    53
Block: Shield            |    21 |    47 ||    68

Table legend:
 A = Non-vault XP
 B = Vault XP
 C = Vault XP percentage of total XP
 D = Non-vault monster count
 E = Vault monster count
 F = Vault count percentage of total count
                 A         B        C        D         E       F
            +---------+---------+-------+---------+---------+-------
      Total |     180 |       0 |   0.0 |      42 |       0 |   0.0
            +---------+---------+-------+---------+---------+-------
        D:1 |      48 |       0 |   0.0 |      24 |       0 |   0.0
        D:2 |     132 |       0 |   0.0 |      18 |       0 |   0.0
            +---------+---------+-------+---------+---------+-------
